Match 28618271
Unlisted

Match 28618271
End
Panzergrenadier Squad
Panzergrenadier Squad
250 Light Carrier
Construct Light Support Kompanie
Combat Half-tracks
Construct Mechanized Kompanie
MG34 Team
Panzerjäger Mechanized Group
Vehicle Survival Package
8 Rad Armored Car
Selects Italian Combined Arms Battlegroup
Selects Semovente da 75/18 Assault Gun
Support Armor Elements
Emergency Repair Kits
Selects Carro Armato M13/40 Light Tank
Carro Armato M13/40 Light Tank
254 Reconnaissance Tractor
Selects Artillery Cover
Marder III Tank Destroyer
Marder III Tank Destroyer
254 Reconnaissance Tractor
Fire Support Elements
MG34 Team
Marder III Tank Destroyer
Pak 38 Mechanized Group
Marder III Tank Destroyer
Selects Bersaglieri Squad
Selects Vehicle Support - Secure Location
Selects Vehicle Support - Force Recon
254 Reconnaissance Tractor
Artillery Cover
Carro Armato M13/40 Light Tank
Carro Armato M13/40 Light Tank
Ruby
HulkSMASH
detritus executive officer
Zulu
0
0

Comments sign in to comment!

No comments posted yet!